cohdb
Replays
Latest Replays
All Replays
Popular Replays
Top Player Replays
Match Explorer
How It Works
Community
CoH3 Stats
Reddit
Sign in to upload your games and track your stats! →
Sign in with Steam
Match 43965970
Unlisted
Match 43965970
Overview
Messages
Build Orders
End
Construct Section Command Post
Selects Heavy Armor Battlegroup
Vickers Machine Gun Team
Dingo Light Scout Car
Infantry Section
ML 3-inch Mortar Team
Construct Platoon Command Post
6-pounder Anti-tank Gun Team
CMP 15cwt Truck
Selects Rigorous Vehicle Training
Selects Forward Repair Assembly
Infantry Training
Grenade Package
Construct Company Command Post
Selects UNKNOWN (2162094)
Churchill IV Heavy Tank
Selects Light Vehicle Withdraw and Refit
Selects UNKNOWN (202330)
Churchill IV Heavy Tank
Infantry Section
Infantry Section
Selects Recon Artillery
Armored Vehicle Training
Unlock M3 Grant Medium Tanks
Mr Gloambury
Mr.KeyLime_Pie
niszczycielpomidorow
Stretchytall
ßoo
Yjml
Crazy-tiny
srednevik
0
0
Comments
sign in to comment!
No comments posted yet!